 Dungeon Crawl Stone Soup version 0.22.1-2-g9c5b331 (webtiles) character file.

22 Gearfox the Stinger (level 2, -7/16 HPs)
             Began as a Deep Elf Venom Mage on Dec 11, 2018.
             Mangled by an ogre
             ... wielding a +0 giant spiked club
              (12 damage)
             ... on level 4 of the Dungeon.
             The game lasted 00:05:46 (1485 turns).

Gearfox the Stinger (Deep Elf Venom Mage)           Turns: 1485, Time: 00:05:46

Health: -7/16      AC:  3    Str:  5    XL:     2   Next: 68%
Magic:  8/8        EV: 13    Int: 19    God:
Gold:   145        SH:  0    Dex: 15    Spells: 4/7 levels left

rFire    . . .     SeeInvis .   (no weapon)
rCold    . . .     Gourm    .   (no shield)
rNeg     . . .     Faith    .   a - +1 robe
rPois    .         Spirit   .   (no helmet)
rElec    .         Reflect  .   (no cloak)
rCorr    .         Harm     .   (no gloves)
MR       .....                  (no boots)
Stlth    ++........             (no amulet)
HPRegen  0.05/turn              i - ring of flight
MPRegen  0.11/turn              (no ring)

@: very slightly contaminated
A: no striking features
a: Evoke Flight


You were on level 4 of the Dungeon.
You were not hungry.

You visited 1 branch of the dungeon, and saw 3 of its levels.

You collected 145 gold pieces.

Inventory:

Hand Weapons
 f - a +0 short sword
Missiles
 m - 19 stones (quivered)
 o - 20 sling bullets
Armour
 a - a +1 robe (worn)
Jewellery
 i - a ring of flight (left hand)
 j - an uncursed ring of magical power {unknown}
Scrolls
 e - a scroll of enchant weapon {unknown}
Potions
 d - 2 potions of flight
 h - a potion of ambrosia {unknown}
 l - 3 potions of magic {unknown}
Comestibles
 b - 3 chunks of flesh
 c - 2 rations


   Skills:
 * Level 0.7 Fighting
 - Level 2.4 Dodging
 - Level 2.4 Stealth
 * Level 3.2 Spellcasting
 + Level 1.1 Conjurations
 + Level 0.2 Air Magic
 * Level 4.0 Poison Magic


You had 4 spell levels left.
You knew the following spells:

 Your Spells              Type           Power        Failure   Level  Hunger
a - Sting                 Conj/Pois      ##..         5%          1    None
b - Poisonous Vapours     Pois/Air       ##....       10%         2    ##.....

Your spell library contained the following spells:

 Spells                   Type           Power        Failure   Level  Hunger
 Mephitic Cloud           Conj/Pois/Air  #.......     22%         3    ###....
 Olgreb's Toxic Radiance  Pois           ###.....     28%         4    ####...
 Venom Bolt               Conj/Pois      ##........   82%         5    ######.


Dungeon Overview and Level Annotations

Branches:
Dungeon (2/15)

Altars:
The Shining One

Annotations:
D:4 1 runed door


Message History

You are no longer poisoned.
The ogre shouts!
The teleport trap disappears.
The adder disappears!
Blink to where?
Press: ? - help, Dir - move target cursor
As you read the scroll of blinking, it crumbles to dust.
An adder comes into view.
Found a spiked ring mail.
The angel shouts!
The orc shouts!
You hear a shout! x2
Found a lumpy white potion.
Found a glowing golden altar of the Shining One.
Found an escape hatch in the floor.
Found a runed door.
The ogre hits you but does no damage.
Found a stone staircase leading up.
The ogre barely misses you.
The adder hisses angrily.
Found an arbalest.
The ogre hits you with a giant spiked club!
Ouch! That really hurt!
You die...

.)..... ...%...
#........
.......
#........
.....>.
#........
.......
#........
!.##...
##........ .##
... ......... ##
###........ #
.#####..@.....#
.....)..OO##...#
##..###.........
# ... #...##.<##
##
.#####..S...##
.## #
#...#..#####
..##.# #.....##
.....# #....##
.O.#######...##


You could see 2 ogres and an adder.

Vanquished Creatures
  A giant cockroach (D:1)
  A goblin (D:2)
  5 hobgoblins (D:1)
  4 jackals
  A bat (D:1)
  2 kobolds
  7 rats
21 creatures vanquished.

Notes
Turn   | Place    | Note
-------+----------+-------------------------------------------
     0 | D:1      | Gearfox the Deep Elf Venom Mage began the quest for the
                  | Orb.
     0 | D:1      | Reached XP level 1. HP: 10/10 MP: 6/6
   528 | D:1      | Reached XP level 2. HP: 16/16 MP: 6/8
   538 | D:1      | Learned a level 2 spell: Poisonous Vapours
  1337 | D:2      | Reached skill level 4 in Poison Magic
  1432 | D:2      | You fall through a shaft for 2 floors!
  1432 | D:4      | Noticed an ogre
  1456 | D:4      | Noticed an ogre
  1467 | D:4      | Found a glowing golden altar of the Shining One.
  1467 | D:4      | Found a runed door.
  1467 | D:4      | Noticed an angel
  1485 | D:4      | Mangled by an ogre

Skill      XL: |  1  2 |
---------------+-------+-----
Poison Magic   | 4 |  4.0
Fighting       | |  0.7
Dodging        | |  2.4
Stealth        | |  2.4
Spellcasting   | |  3.2
Conjurations   | |  1.1
Air Magic      | |  0.2

Action                   || total
-------------------------++-------
Melee: Unarmed           ||     1
 Cast: Sting             ||    30
       Poisonous Vapours ||     6
  Use: Scroll            ||     9
  Eat: Chunk             ||     2
Armor: Robe              ||     3
Dodge: Dodged            ||    21
